 Dungeon Crawl Stone Soup version 0.29.1-12-g30fa7ad0bf (webtiles) character file.

Game seed: 9050836878714021680

696 croobank the Insei (level 7, -3/46 HPs)
             Began as an Octopode Transmuter on Jan 1, 2023.
             Was an Initiate of Sif Muna.
             Slain by a sky beast (5 damage)
             ... on level 6 of the Dungeon.
             The game lasted 00:19:39 (6763 turns).

croobank the Insei (Octopode Transmuter)            Turns: 6763, Time: 00:19:40

Health: -3/46      AC:  1    Str: 10    XL:     7   Next: 64%
Magic:  10/12      EV: 14    Int: 23    God:    Sif Muna [......]
Gold:   183        SH:  5    Dex: 12    Spells: 3/12 levels left

rFire   + . .      SeeInvis .   a - +3 quarterstaff (chaos)
rCold   . . .      Faith    .   (shield currently unavailable)
rNeg    . . .      Spirit   .   (helmet currently unavailable)
rPois   .          Reflect  +   F - amulet of reflection
rElec   .          Harm     .   q - +6 ring of intelligence
rCorr   .          Rampage  .   m - ring of protection from fire
Will    .....                   (no ring)
Stlth   ++........              (no ring)
HPRegen 0.15/turn               (no ring)
MPRegen 0.13/turn               (no ring)
                                (no ring)
                                (no ring)

@: appendages, wereblooded, studying Evocations
A: tentacle spike 3, almost no armour, amphibious, 8 rings, camouflage 1,
gelatinous body 1, (nimble swimmer 1), tentacles
a: End Transformation, Renounce Religion


You were on level 6 of the Dungeon.
You worshipped Sif Muna.
Sif Muna was noncommittal.
One of your tentacles had grown a beastly spike.
You visited 1 branch of the dungeon, and saw 6 of its levels.

You collected 183 gold pieces.

Inventory:

Hand Weapons
 a - a +3 quarterstaff of chaos (weapon)
 g - a +0 whip of electrocution
 i - a +0 short sword
 j - a +0 dagger
 n - a +0 war axe
 v - a +0 sling
 x - the +6 hammer of Evil {vorpal, rPois Dex+2}
   (You found it on level 3 of the Dungeon)

   It inflicts extra damage upon your enemies.
   Dex:       It affects your dexterity (+2).
   rPois:     It protects you from poison.
Missiles
 e - 8 boomerangs (quivered)
 h - 24 poisoned darts
Jewellery
 m - a ring of protection from fire (right tentacle)
 q - a +6 ring of intelligence (left tentacle)
 B - an amulet of regeneration
 F - an amulet of reflection (around mantle)
Wands
 y - a wand of flame (23)
 C - a wand of digging (5)
Scrolls
 b - 2 scrolls of identify
 d - 5 scrolls of teleportation
 f - 2 scrolls of fear
 p - 3 scrolls of magic mapping
 r - a scroll of torment {unknown}
 s - 2 scrolls of poison
 u - a scroll of noise
Potions
 c - 4 potions of curing
 k - a potion of magic
 l - 3 potions of heal wounds
 o - 3 potions of berserk rage
 t - a potion of attraction {unknown}
 w - a potion of brilliance {unknown}
 z - 2 potions of haste {unknown}
 D - 3 potions of might {unknown}
 E - 2 potions of flight {unknown}
 G - a potion of mutation {unknown}


   Skills:
 * Level 3.1 Fighting
 * Level 0.1 Staves
 * Level 3.6 Dodging
 - Level 4.2 Unarmed Combat
 * Level 3.4 Spellcasting
 * Level 2.5 Conjurations
 * Level 3.6 Transmutations
 * Level 2.3 Earth Magic
 * Level 1.2 Poison Magic
 + Level 0.0 Invocations
 + Level 0.5 Evocations


You had 3 spell levels left.
You knew the following spells:

 Your Spells              Type           Power      Damage    Failure   Level
a - Beastly Appendage     Tmut           40%        N/A       2%          1
b - Wereblood             Tmut           20%        N/A       3%          2
c - Stone Arrow           Conj/Erth      30%        3d8       12%         3
d - Spider Form           Tmut/Pois      15%        N/A       12%         3

Your spell library contained the following spells:

 Spells                   Type           Power      Damage    Failure   Level
 Ozocubu's Armour         Ice            3%         N/A       32%         3
 Ice Form                 Ice/Tmut       12%        N/A       47%         4
 Metabolic Englaciation   Hex/Ice        1%         N/A       97%         5
 Simulacrum               Ice/Necr       1%         N/A       100%        6
 Lehudib's Crystal Spear  Conj/Erth      7%         10d3      100%        8
 Animate Armour           Summ/Erth      Unusable   N/A       N/A         4

Dungeon Overview and Level Annotations

Branches:
Dungeon (6/15)
 Temple: D:4-7

Altars:
Ashenzari
Makhleb
Okawaru
Qazlal
Sif Muna
Wu Jian

Shops:
D:1 *


Innate Abilities, Weirdness & Mutations

One of your tentacles has grown a beastly spike.
You cannot wear most types of armour.
You are amphibious.
You can wear up to eight rings at the same time.
Your skin changes colour to match your surroundings (Stealth+).
Your rubbery body absorbs attacks. (AC +1, EV +1)
((You are camouflaged when in or above water. (Stealth+)))
You have tentacles for arms and can constrict up to eight enemies at once.


Message History

There is an open door here.
There is an escape hatch in the floor here.
There is a stone staircase leading up here.
There is an escape hatch in the ceiling here.
Done exploring.
There is a shimmering blue altar of Sif Muna here.
You curl up in front of the altar of Sif Muna.
Sif Muna welcomes you!
Done exploring.
(D) Dungeon
Where to? (Enter - D:5, ? - help)
There is a stone staircase leading down here.
You climb downwards.
There is a stone staircase leading up here.
You see here a +2 dagger of flaming.
b - 2 scrolls of identify (gained 1)
Found 6 stones.
A sky beast comes into view.
Casting: Wereblood (safe; 3% risk of failure)
Confirm with . or Enter, or press ? or * to list all spells.
One of your tentacles grows a vicious spike.
The sky beast flickers out of sight!
Deactivating autopickup; reactivate with Ctrl-A.
Casting: Beastly Appendage (safe; 2% risk of failure)
Confirm with . or Enter, or press ? or * to list all spells.
Your blood is infused with primal strength.
You hit something. You freeze something.
Your tentacle spike misses something.
You squeeze something! Something hits you. Something shocks you.
You sock something! You burn something.
Your tentacle spike misses something.
Your squeeze misses something. Something hits you. Something shocks you.
You barely miss something. Something hits you. Something shocks you.
You closely miss something. Your squeeze misses something. Something hits you.
Something shocks you. Something hits you.
* * * LOW HITPOINT WARNING * * *
Something shocks you.
* * * LOW HITPOINT WARNING * * *
You miss something. Something hits you.
* * * LOW HITPOINT WARNING * * *
Something shocks you.
You die...

#.# #.# #.# #.######
#.##...#
##.##.#.##########
#.{##.#..........#
#.#?@##.####..(..#.#
#.#.....# #.###.#
#.##########.### #
#..............#
#............#.#
#....###.....#.#
#.##)# #.###.#.#
#....#.......#.#
#.####.#.#####.#


There were no monsters in sight!

Vanquished Creatures
  An ogre (D:4)
  3 hounds
  2 jellies
  Crazy Yiuf (D:3)
  2 orc priests (D:4)
  An iguana (D:4)
  3 iron imps (D:3)
  Natasha (thrice) (D:3)
  5 adders
  A white imp (D:5)
  An ufetubus (D:4)
  A worm (D:2)
  7 dart slugs
  11 orcs
  6 ball pythons
  3 bats
  13 endoplasms
  3 giant cockroaches
  6 goblins
  7 hobgoblins
  3 quokkas
  7 frilled lizards
  8 kobolds
  3 rats
101 creatures vanquished.

Notes
Turn   | Place    | Note
-------+----------+-------------------------------------------
     0 | D:1      | croobank the Octopode Transmuter began the quest for the
                  | Orb.
     0 | D:1      | Reached XP level 1. HP: 13/13 MP: 3/3
   418 | D:1      | Reached XP level 2. HP: 13/18 MP: 5/5
   421 | D:1      | Learned a level 2 spell: Wereblood
   851 | D:1      | Found Rugaetut's Assorted Antiques.
  1052 | D:1      | Reached XP level 3. HP: 23/23 MP: 2/6
  1353 | D:1      | Found a faded altar of an unknown god.
  1643 | D:2      | Learned a level 3 spell: Stone Arrow
  2119 | D:2      | Reached XP level 4. HP: 28/29 MP: 3/7
  2562 | D:3      | Found a runed translucent door.
  2563 | D:3      | Noticed Crazy Yiuf
  2572 | D:3      | Killed Crazy Yiuf
  2577 | D:3      | Identified the +6 hammer of Evil {vorpal, rPois Dex+2}
  2769 | D:3      | Reached skill level 1 in Conjurations
  2860 | D:3      | Noticed Natasha
  2865 | D:3      | Found a stormy altar of Qazlal.
  2869 | D:3      | Killed Natasha
  2870 | D:3      | Reached XP level 5. HP: 34/34 MP: 4/8
  2874 | D:3      | Learned a level 3 spell: Spider Form
  2983 | D:3      | Found an iron altar of Okawaru.
  3171 | D:3      | Found a broken altar of Ashenzari.
  3341 | D:3      | Noticed Natasha
  3361 | D:3      | Killed Natasha
  3542 | D:3      | Found a burning altar of Makhleb.
  3566 | D:3      | Reached skill level 1 in Earth Magic
  3572 | D:3      | Reached XP level 6. HP: 40/40 MP: 5/10
  3713 | D:3      | Noticed Natasha
  3720 | D:3      | Killed Natasha
  4101 | D:4      | Reached skill level 4 in Unarmed Combat
  4261 | D:4      | Reached XP level 7. HP: 30/45 MP: 9/11
  5375 | D:5      | Entered Level 5 of the Dungeon
  6022 | D:5      | Reached skill level 1 in Poison Magic
  6045 | D:5      | Found a shimmering blue altar of Sif Muna.
  6351 | D:5      | Found an ornate altar of the Wu Jian Council.
  6690 | D:5      | Became a worshipper of Sif Muna the Loreminder
  6763 | D:6      | HP: 2/46 [something (4)]
  6763 | D:6      | Slain by a sky beast

Illustrated notes

Levels and vault maps discovered:
D:1:      minmay_arrival_semitransparent, layout_basic,
          chequers_ecumenical_altar_grove, serial_shops, shop
D:2:      layout_basic, minmay_tromino_v4_a
D:3:      layout_basic, demons_altar, nicolae_qazlal_eye_of_the_storm,
          mainiacjoe_overflow_six_doors_small,
          mainiacjoe_overflow_small_starburst, uniq_crazy_yiuf_cottage,
          uniq_natasha
D:4:      layout_layer_cave, minmay_manual_mandibuliform
D:5:      layout_basic, kennysheep_mini, nicolae_sif_muna_condensation,
          due_unseen_surprise
D:6:      layout_basic, nicolae_wooded_promenade, uniq_blork_the_orc

Skill      XL: |  1  2  3  4  5  6  7 |
---------------+----------------------+-----
Fighting       | 2 3 |  3.1
Conjurations   | 1 2 |  2.5
Earth Magic    | 1 2 |  2.3
Transmutations | 3 |  3.6
Dodging        | 3 |  3.6
Spellcasting   | 3 |  3.4
Unarmed Combat | 4 |  4.2
Poison Magic   | 1 |  1.2
Staves         | |  0.1
Evocations     | |  0.5

Action                   |  1- 3 |  4- 6 |  7- 9 || total
-------------------------+-------+-------+-------++-------
Melee: Unarmed           |    13 |       |       ||    13
       Constrict         |    17 |    21 |    15 ||    53
       Kick              |    14 |    26 |    17 ||    57
       Tentacles         |    11 |    22 |     9 ||    42
       Whip              |    49 |    91 |    57 ||   197
       Punch             |     1 |     8 |     1 ||    10
       Quarterstaff      |       |       |    13 ||    13
Throw: Boomerang         |       |       |     3 ||     3
 Cast: Beastly Appendage |    28 |    15 |    13 ||    56
       Wereblood         |    19 |    17 |    13 ||    49
       Stone Arrow       |       |     2 |       ||     2
Evoke: Wand              |       |       |     3 ||     3
  Use: Potion            |       |     2 |       ||     2
       Scroll            |       |       |    14 ||    14
 Stab: Sleeping          |     2 |     2 |       ||     4
Armor: Skin              |     5 |    37 |     1 ||    43
Dodge: Dodged            |    28 |    50 |    42 ||   120
Block: Other             |       |       |     1 ||     1
